 Dungeon Crawl Stone Soup version 0.29-a0-923-g6e406bff71 (webtiles) character file.

Game seed: 6238832132723845351

39 Newt the Ruffian (level 3, -8/27 HPs)
             Began as a Demonspawn Gladiator on July 27, 2022.
             Was a Believer of Cheibriados.
             Killed by divine providence
             ... invoked by an orc priest
              (12 damage)
             ... on level 2 of the Dungeon.
             The game lasted 00:02:19 (1522 turns).

Newt the Ruffian (Demonspawn Gladiator)             Turns: 1522, Time: 00:02:20

Health: -8/27      AC:  3    Str: 26    XL:     3   Next: 26%
Magic:  3/3        EV: 13    Int: 13    God:    Cheibriados [**....]
Gold:   22         SH:  0    Dex: 18    Spells: 2/2 levels left

rFire   . . .      SeeInvis .     - Unarmed
rCold   . . .      Faith    .   (no shield)
rNeg    . . .      Spirit   .   a - +0 leather armour
rPois   .          Reflect  .   (helmet restricted)
rElec   .          Harm     .   e - scarf {shadows}
rCorr   .          Rampage  .   (no gloves)
Will    .....                   (no boots)
Stlth   +.........              (no amulet)
HPRegen 0.09/turn               i - +6 ring of strength
MPRegen 0.08/turn               (no ring)

@: very slow
A: horns 2
a: Renounce Religion, Bend Time


You were on level 2 of the Dungeon.
You worshipped Cheibriados.
Cheibriados was pleased with you.
You visited 1 branch of the dungeon, and saw 2 of its levels.

You collected 22 gold pieces.

Inventory:

Missiles
 c - 3 throwing nets (quivered)
 d - a javelin
Armour
 a - a +0 leather armour (worn)
 b - a +0 helmet
 e - a scarf of shadows (worn)
Jewellery
 i - a +6 ring of strength (left hand)
 k - a ring of wizardry
 o - a ring of ice
Scrolls
 g - 2 scrolls of silence
 l - 2 scrolls of fog {unknown}
 m - a scroll of magic mapping {unknown}
 n - a scroll of noise {unknown}
Potions
 f - a potion of heal wounds {unknown}
 h - a potion of curing {unknown}
 j - a potion of ambrosia {unknown}


   Skills:
 + Level 2.1 Fighting
 + Level 1.8 Throwing
 + Level 0.9 Armour
 + Level 3.0 Dodging
 + Level 3.4 Unarmed Combat


You had 2 spell levels left.
You didn't know any spells.
Your spell library contained the following spells:

 Spells                   Type           Power      Damage    Failure   Level
 Sandblast                Erth           0%         2d4       34%         1
 Shock                    Conj/Air       0%         1d3       34%         1
 Passwall                 Tmut/Erth      0%         N/A       45%         2
 Stone Arrow              Conj/Erth      0%         3d7       71%         3


Dungeon Overview and Level Annotations

Branches:
Dungeon (2/15)

Altars:
Cheibriados

Shops:
D:1 (


Innate Abilities, Weirdness & Mutations

You have a pair of horns on your head.


Message History

You closely miss the orc.
The orc is moderately wounded.
The orc hits you with a +0 club.
You barely miss the orc. You headbutt the orc.
The orc is heavily wounded.
The orc closely misses you.
You hit the orc but do no damage.
The orc is heavily wounded.
The orc closely misses you.
You hit the orc but do no damage. Your headbutt misses the orc.
The orc is heavily wounded.
The orc misses you.
You completely miss the orc. Your headbutt misses the orc.
The orc is heavily wounded.
The orc hits you but does no damage.
You barely miss the orc.
The orc is heavily wounded.
The orc closely misses you.
You hit the orc.
The orc is severely wounded.
The orc hits you but does no damage.
You punch the orc!
You kill the orc!
Cheibriados thoroughly appreciates the change of pace.
The orc priest calls down the wrath of Beogh upon you.
You barely resist.
Found a stone staircase leading down.
The orc priest mumbles some strange prayers to Beogh against you.
Beogh smites you!
Ouch! That really hurt!
* * * LOW HITPOINT WARNING * * *
You see here a +0 club.
You barely miss the orc priest. The orc priest misses you.
Okay, then.
Okay, then.
Okay, then.
You fail to use your ability.
The orc priest mumbles some strange prayers to Beogh against you.
Beogh smites you!
You die...

################
........)@o....>
##.....########.
...........#
##.....###.#
#.....# #.#
#.....# #.#
####### #.# #.#
#.#


You could see an orc priest.

Vanquished Creatures
  An adder (D:2)
  A dart slug (D:1)
  2 orcs (D:2)
  3 ball pythons
  A bat (D:1)
  An endoplasm (D:1)
  A giant cockroach (D:1)
  3 goblins (D:1)
  3 hobgoblins (D:1)
  A quokka (D:1)
  4 frilled lizards
  A kobold (D:1)
  4 rats (D:1)
26 creatures vanquished.

Notes
Turn   | Place    | Note
-------+----------+-------------------------------------------
     0 | D:1      | Newt the Demonspawn Gladiator began the quest for the Orb.
     0 | D:1      | Reached XP level 1. HP: 16/16 MP: 1/1
   511 | D:1      | Found a faded altar of an unknown god.
   518 | D:1      | Got Plato's Codex of Clouds
   519 | D:1      | Prayed at the altar of an unknown god.
   519 | D:1      | Became a worshipper of Cheibriados the Contemplative
   519 | D:1      | Reached * piety under Cheibriados
   587 | D:1      | Gained mutation: You have a pair of small horns on your
                  | head. [demonic ancestry]
   587 | D:1      | Reached XP level 2. HP: 15/22 MP: 2/2
   862 | D:1      | Found Kiesi's Weapon Shop.
  1284 | D:1      | Reached ** piety under Cheibriados
  1395 | D:2      | Gained mutation: You have a pair of horns on your head.
                  | [demonic ancestry]
  1395 | D:2      | Reached XP level 3. HP: 27/27 MP: 3/3
  1522 | D:2      | Killed from afar by an orc priest

Illustrated notes

Levels and vault maps discovered:
D:1:      dpeg_arrival_three_same_balls, layout_basic, serial_shops,
          nicolae_shop_advertising_works [nicolae_subvault_shop_adworks],
          shapermc_ecumenical_altar_rom_forum
D:2:      layout_basic

Skill      XL: |  1  2 |
---------------+-------+-----
Unarmed Combat | 3 |  3.4
Dodging        | 3 |  3.0
Fighting       | |  2.1
Throwing       | |  1.8
Armour         | |  0.9

Action                   || total
-------------------------++-------
Melee: Unarmed           ||    94
       Punch             ||     4
       Headbutt          ||     6
  Use: Scroll            ||     1
 Stab: Sleeping          ||     2
       Distracted        ||     1
Armor: Leather armour    ||    25
Dodge: Dodged            ||    56

Table legend: (Time is in decaauts)
 A = Elapsed time spent in this place.
 B = Non-inter-level travel time spent in this place.
 C = Inter-level travel time spent in this place.
 D = Time resting spent in this place.
 E = Time spent auto-exploring this place.
 F = Levels seen in this place.
 G = Mean time per level.
                   A        B        C        D        E       F      G
               +--------+--------+--------+--------+--------+-----+--------+
         Total |   1810 |   1741 |     69 |    184 |   1316 |   2 |  905.0 |
       Dungeon |   1810 |   1741 |     69 |    184 |   1316 |   2 |  905.0 |
               +--------+--------+--------+--------+--------+-----+--------+

Top non-repeatable levels by time:
     D:1: 1510 daAuts
     D:2: 300 daAuts
